AoeStats
← Hagerbows

Fortress

508008375Analyzed
2v2 RM · 11d ago on Sep 20, 2026· 32m 44s· 4 players
Game mode
Random Map
Map size
Normal (6 player)
Population
200
Speed
Normal
Resources
Standard
Victory
Conquest
Starting age
Dark Age
Ending age
Imperial Age
RankedLock teamsTeams togetherTeam positionsShared explorationLock speedFull tech treeHidden civsTurbo modeCheats
Victory
Defeat
🇪🇸 Ethiopians · Spain
820
+16
🇷🇺 Wei · Russia
813
+16
🇹🇼 Britons · Taiwan
867
-18
🇪🇸 Poles · Spain
772
-14
Hagerbows
8:44 Feudal Age
9:54 Double-Bit Axe
12:16 Castle Age
13:51 Loom
17:17 Wheelbarrow
19:29 Town Watch
19:42 Gold Mining
19:43 Stone Mining
21:40 Hand Cart
22:07 Bow Saw
26:35 Imperial Age
25:23 Horse Collar
26:11 Fletching
26:21 Padded Archer Armor
26:21 Crossbowman
27:20 Thumb Ring
27:19 Bodkin Arrow
27:09 Arbalester
28:13 Conscription
30:33 Gold Shaft Mining
30:33 Stone Shaft Mining
30:00 Town Patrol
B O M B E R
8:34 Feudal Age
13:13 Castle Age
11:37 Double-Bit Axe
11:55 Horse Collar
12:10 Gold Mining
13:05 Bloodlines
14:43 Wheelbarrow
14:58 Husbandry
15:20 Fervor
22:44 Imperial Age
21:12 Scale Barding Armor
23:01 Tuntian
26:28 Conscription
27:31 Forging
28:50 Bow Saw
30:14 Hand Cart
30:02 Heavy Plow
31:17 Ming Guang Armor
32:16 Chain Barding Armor
HiSpace
11:15 Feudal Age
10:29 Loom
12:49 Wheelbarrow
12:00 Horse Collar
12:06 Double-Bit Axe
12:15 Gold Mining
12:16 Stone Mining
12:18 Gold Mining
20:59 Castle Age
21:55 Hand Cart
21:44 Heavy Plow
21:56 Bow Saw
22:24 Stone Shaft Mining
21:53 Caravan
23:35 Treadmill Crane
24:06 Fortified Wall
26:45 Imperial Age
27:03 Forging
26:58 Scale Barding Armor
26:44 Fletching
27:00 Scale Mail Armor
26:47 Arson
27:04 Squires
29:03 Conscription
29:22 Iron Casting
29:58 Arrowslits
30:24 Masonry
30:11 Murder Holes
30:08 Guard Tower
31:54 Ballistics
31:55 Chain Mail Armor
森永
5:54 Loom
7:56 Feudal Age
13:34 Castle Age
12:11 Double-Bit Axe
12:55 Fletching
13:32 Padded Archer Armor
16:24 Bow Saw
16:24 Gold Mining
18:47 Horse Collar
18:40 Crossbowman
22:34 Leather Archer Armor
22:53 Pikeman
23:44 Bodkin Arrow
25:31 Wheelbarrow
24:50 Arson
26:52 Hand Cart
26:42 Heavy Plow
27:01 Squires
27:58 Scale Mail Armor
30:08 Ballistics
29:49 Town Watch
30:46 Yeomen
35:44 Imperial Age
Connection lost

Rejoining the realm…

Still unreachable

The connection could not be restored.

Session expired

The server has moved on; the page needs a fresh start.